 Dungeon Sprint DCSS version 0.23.2-11-gf996548c65 (webtiles) character file.

Game seed: 10257696356858272405

6437 wilfster70 the Imperceptible (level 10, -7/43 (44) HPs)
             Began as a Spriggan Enchanter on June 6, 2019.
             Was a High Priest of Okawaru.
             Mangled by a demonic crawler (12 damage)
             ... in the Dungeon (Sprint I: "Red Sonja").
             The game lasted 00:07:06 (1173 turns).

wilfster70 the Imperceptible (Spriggan Enchanter)   Turns: 1173, Time: 00:07:07

HP:   -7/43 (44)    AC:  6    Str:  4    XL:     10   Next: 67%
MP:   20/26         EV: 24    Int: 18    God:    Okawaru [*****.]
Gold: 2017          SH:  0    Dex: 19    Spells: 26/32 levels left

rFire    . . .     SeeInvis +   a - +3 dagger (venom)
rCold    . . .     Gourm    .   (shield restricted)
rNeg     + . .     Faith    .   b - +1 robe
rPois    .         Spirit   .   m - +1 hat
rElec    .         Reflect  .   o - +1 cloak of Analysis {+Inv rN+ Stlth+}
rCorr    .         Harm     .   (gloves unavailable)
MR       +....     NoTele   +   (boots unavailable)
Stlth    ++++++++++             (no amulet)
HPRegen  0.14/turn              (no ring)
MPRegen  0.20/turn              (no ring)

@: heroism, finesse, very quick
A: very small, unfitting armour, see invisible, herbivore, speed 3, slow
metabolism 2
a: Heroism, Finesse, Renounce Religion, Evoke Invisibility


You were in the Dungeon.
You worshipped Okawaru.
Okawaru was extremely pleased with you.
You were not hungry.

You visited 1 branch You collected 2527 gold pieces.
You spent 510 gold pieces at shops.

Inventory:

Hand Weapons
 a - a +3 dagger of venom (weapon)
 l - a +0 blowgun
Missiles
 n - 9 curare-tipped needles
 r - 9 poisoned needles
Armour
 b - a +1 robe (worn)
 m - a +1 hat (worn)
 o - the +1 cloak of Analysis (worn) {+Inv rN+ Stlth+}
   (You bought it in a shop in the Dungeon)

   It protects you from negative energy.
   It lets you turn invisible.
   It makes you more stealthy.
 t - the +0 gold dragon scales of the Tundras {rPois rF+ rC+ Dex+4, unknown}
   (Okawaru gifted it to you in the Dungeon)

   It affects your dexterity (+4).
   It protects you from fire.
   It protects you from cold.
   It protects you from poison.
Wands
 i - a wand of polymorph (10)
Scrolls
 j - a scroll of blinking
Potions
 c - a potion of lignification {unknown}
 e - 2 potions of curing
 f - a potion of heal wounds
 g - a potion of haste
 h - 2 potions of magic
 k - a potion of agility {unknown}
Comestibles
 d - 2 rations


   Skills:
 - Level 10.0(15.0) Short Blades
 - Level 3.0(8.0) Dodging
 * Level 22.4(27) Stealth
 + Level 11.9 Spellcasting
 * Level 16.1 Hexes
 - Level 6.2 Invocations


You had 26 spell levels left.
You knew the following spells:

 Your Spells              Type           Power        Failure   Level  Hunger
a - Corona                Hex            ######.      0%          1    None
b - Ensorcelled Hibernat  Hex/Ice        #####.       1%          2    None
c - Confuse               Hex            ######..     1%          3    None

Your spell library contained the following spells:

 Spells                   Type           Power        Failure   Level  Hunger
 Dazzling Spray           Conj/Hex       #####.       1%          3    None
 Tukima's Dance           Hex            ######..     1%          3    None


Dungeon Overview and Level Annotations

Branches:
Dungeon (1/1)

Altars:
Cheibriados
Dithmenos
Elyvilon
Fedhas
Gozag
Hepliaklqana
Kikubaaqudgha
Makhleb
Nemelex Xobeh
Okawaru
Qazlal
Ru
Sif Muna
Trog
Uskayaw
Vehumet
Wu Jian
Xom
Yredelemnul
Zin
The Shining One
Jiyva
Lugonu

Shops:
D (}!**[(}!*[%*?[[*


Innate Abilities, Weirdness & Mutations

You are very small and have problems with some larger weapons.
You are too small for most types of armour.
You have supernaturally acute eyesight. (SInv)
You are a herbivore.
You cover ground extremely quickly.
You need to consume almost no food.


Message History

The demonic crawler closely misses you. x2; The demonic crawler hits you!
* * * LOW HITPOINT WARNING * * *
You hit the demonic crawler.
The demonic crawler is moderately wounded.
You hit the demonic crawler.
The demonic crawler is moderately wounded.
You hit the demonic crawler.
The demonic crawler looks as sick as possible!
The demonic crawler is moderately wounded.
The demonic crawler misses you. x2; The demonic crawler hits you.
* * * LOW HITPOINT WARNING * * *
You barely miss the demonic crawler.
The demonic crawler is moderately wounded.
You barely miss the demonic crawler.
The demonic crawler is moderately wounded.
You hit the demonic crawler. You punch the demonic crawler.
The demonic crawler is moderately wounded.
The demonic crawler completely misses you. x2
The demonic crawler hits you!
You die...

##########################*****
#<.#.)'..#.)'..#__#s.s.s.#,,*,,
#..'..#.)'..#.s'.ss..#...##+#,*
#..#####'#####s#__####..s's.#,*
#..####..#...#s####.(#####..+,*
#..#__####..##@#≈§§.)#§.#*+##**
#..#_____##'#_.'≈≈§§.'..#,,,,,*
#⌠⌠#_.∩...'.)._#≈§§§§#§.#,,,,,+
####_..__##_.#'##§#####'###,,,*
*,,#_____###'#.#....###.'.#,,,*
############.####'###.###.#,,**
#∩^..)....'...'.....'(∩##.#,,**
###++++####.).###########.#*+*,
*,,,,,,,**##.###..§§...##.#*,*,


You could see 3 demonic crawlers.

Vanquished Creatures
  2 centaur warriors (D)
  Sonja (D)
  A deep troll (D)
  2 unseen horrors (D)
  An oklob plant (D)
  2 kobold demonologists (D)
  A hornet (D)
  A slime creature (D)
  Sigmund (D)
  2 redbacks (D)
  A yak (D)
  2 floating eyes (D)
  7 necrophages (D)
  An ogre (D)
  8 jellies (D)
  Ijyb (D)
34 creatures vanquished.

Vanquished Creatures (others)
  A gargoyle (D)
1 creature vanquished.

Grand Total: 35 creatures vanquished

Notes
Turn   | Place    | Note
-------+----------+-------------------------------------------
     0 | D        | wilfster70 the Spriggan Enchanter began the quest for the
                  | Orb.
     0 | D        | Reached XP level 1. HP: 9/9 MP: 5/5
     1 | D        | Noticed Ijyb
    13 | D        | Killed Ijyb
    13 | D        | Reached skill level 10 in Stealth
    13 | D        | Reached XP level 2. HP: 13/13 MP: 6/6
    96 | D        | Learned a level 2 spell: Ensorcelled Hibernation
   101 | D        | Noticed an ogre
   104 | D        | Killed an ogre
   104 | D        | Reached skill level 14 in Stealth
   104 | D        | Reached XP level 3. HP: 16/16 MP: 8/8
   104 | D        | Reached XP level 4. HP: 21/21 MP: 9/9
   109 | D        | Learned a level 3 spell: Confuse
   117 | D        | Noticed Sigmund
   120 | D        | Killed Sigmund
   120 | D        | Reached skill level 18 in Stealth
   120 | D        | Reached XP level 5. HP: 24/24 MP: 10/10
   120 | D        | Reached XP level 6. HP: 28/28 MP: 11/11
   133 | D        | Found a deep blue altar of Sif Muna.
   134 | D        | Found an ornate altar of the Wu Jian Council.
   135 | D        | Found a radiant altar of Vehumet.
   154 | D        | Found Faopn's Gadget Emporium.
   154 | D        | Found an ancient bone altar of Kikubaaqudgha.
   154 | D        | Found a hazy altar of Hepliaklqana.
   154 | D        | Found a hide-covered altar of Uskayaw.
   154 | D        | Found a basalt altar of Yredelemnul.
   154 | D        | Found an opulent altar of Gozag.
   154 | D        | Found a snail-covered altar of Cheibriados.
   154 | D        | Found a sacrificial altar of Ru.
   154 | D        | Found a shadowy altar of Dithmenos.
   154 | D        | Noticed a yak
   155 | D        | Found a stormy altar of Qazlal.
   155 | D        | Found a blossoming altar of Fedhas.
   155 | D        | Found a bloodstained altar of Trog.
   155 | D        | Found an iron altar of Okawaru.
   155 | D        | Found a glowing golden altar of the Shining One.
   155 | D        | Found a glowing silver altar of Zin.
   155 | D        | Found a white marble altar of Elyvilon.
   156 | D        | Killed a yak
   157 | D        | Found a sparkling altar of Nemelex Xobeh.
   162 | D        | Became a worshipper of Warmaster Okawaru
   170 | D        | Noticed Sonja
   174 | D        | Killed Sonja
   174 | D        | Reached * piety under Okawaru
   174 | D        | Reached skill level 5 in Short Blades
   174 | D        | Reached skill level 19 in Stealth
   174 | D        | Reached XP level 7. HP: 32/32 MP: 13/18
   174 | D        | Reached XP level 8. HP: 36/36 MP: 13/19
   194 | D        | Found Jemp's Weapon Boutique.
   202 | D        | Bought a +2 dagger of venom for 144 gold pieces
   216 | D        | Noticed a deep troll
   221 | D        | Killed a deep troll
   221 | D        | Reached ** piety under Okawaru
   221 | D        | Reached skill level 10 in Hexes
   221 | D        | Reached skill level 5 in Invocations
   233 | D        | Found Acith's Armour Emporium.
   239 | D        | Bought the +1 cloak of Analysis {+Inv rN+ Stlth+} for 366
                  | gold pieces
   288 | D        | Found a viscous altar of Jiyva.
   288 | D        | Found a corrupted altar of Lugonu.
   288 | D        | Noticed a slime creature
   289 | D        | Found a burning altar of Makhleb.
   289 | D        | Found a shimmering altar of Xom.
   292 | D        | Killed a slime creature
   315 | D        | Noticed a kobold demonologist
   316 | D        | Noticed a kobold demonologist
   404 | D        | Killed a kobold demonologist
   404 | D        | Reached XP level 9. HP: 38/39 MP: 19/22
   407 | D        | Paralysed by a floating eye for 2 turns
   411 | D        | Reached skill level 20 in Stealth
   412 | D        | Noticed a centaur warrior
   413 | D        | Noticed a centaur warrior
   428 | D        | Killed a kobold demonologist
   428 | D        | Reached *** piety under Okawaru
   429 | D        | Noticed a demonic crawler
   429 | D        | Noticed a demonic crawler
   546 | D        | Killed a centaur warrior
   546 | D        | Reached **** piety under Okawaru
   547 | D        | Killed a centaur warrior
   547 | D        | Reached ***** piety under Okawaru
   547 | D        | Reached skill level 10 in Spellcasting
   569 | D        | Noticed an oklob plant
   575 | D        | Killed an oklob plant
   575 | D        | Reached skill level 21 in Stealth
   575 | D        | Reached XP level 10. HP: 23/44 MP: 21/25
   631 | D        | Killed a gargoyle
   754 | D        | Reached skill level 10 in Short Blades
   760 | D        | Noticed an unseen horror
   761 | D        | Noticed an unseen horror
   768 | D        | Killed an unseen horror
   768 | D        | Received a gift from Okawaru
   768 | D        | Reached skill level 15 in Hexes
   770 | D        | Killed an unseen horror
   773 | D        | Got ichor-stained gold dragon scales {god gift}
   819 | D        | Reached skill level 22 in Stealth
  1070 | D        | Found Besk's General Store.
  1070 | D        | Found Fuggits's Distillery.
  1070 | D        | Found Roidecog's General Store.
  1072 | D        | Found Munypp's Antique Armour Emporium.
  1072 | D        | Found Lunimagi's Weapon Shop.
  1072 | D        | Found Hocudij's Gadget Shoppe.
  1072 | D        | Found Godutak's Distillery.
  1072 | D        | Found Zotiy's General Store.
  1072 | D        | Found Iwaukkim's Antique Armour Shop.
  1072 | D        | Found Alonn's Food Shoppe.
  1074 | D        | Found Bidwef's General Store.
  1075 | D        | Found Satus's Armour Emporium.
  1075 | D        | Found Doali's Magic Scroll Boutique.
  1076 | D        | Found Runguzeoz's General Store.
  1173 | D        | Mangled by a demonic crawler

Skill      XL: |  1  2  3  4  5  6  7  8  9 10 |
---------------+-------------------------------+-----
Stealth        | 10 14 18 19 21 22 | 22.4
Spellcasting   | 6 8 10 11 | 11.9
Hexes          | 9 11 14 16 | 16.1
Short Blades   | 5 7 9 10 | 10.0
Invocations    | 3 5 6 |  6.2
Dodging        | |  3.0

Action                   |  1- 3 |  4- 6 |  7- 9 | 10-12 || total
-------------------------+-------+-------+-------+-------++-------
Melee: Dagger            |    10 |     4 |    26 |    56 ||    96
       Punch             |       |       |       |     1 ||     1
 Cast: Ensorcelled Hiber |       |       |    11 |     9 ||    20
       Confuse           |       |       |     1 |     7 ||     8
Invok: Heroism           |       |       |       |     1 ||     1
       Finesse           |       |       |       |     1 ||     1
  Use: Potion            |     1 |       |       |       ||     1
       Scroll            |       |       |       |     4 ||     4
 Stab: Sleeping          |     2 |     4 |     8 |    16 ||    30
       Confused          |       |       |     2 |     2 ||     4
Armor: Robe              |       |       |     3 |     2 ||     5
Dodge: Dodged            |     5 |       |    17 |    37 ||    59
